Cogmind - Beta 16 @@@ ROGUE MODE // 2025.12.21 @ 17:19:12 Player: Oneirical Result: Destroyed by as-99415 with Assembled Heavy Rifle Performance ------------- Evolutions (0) 0 Regions Visited (2) 400 Robots Destroyed (5) 25 Value Destroyed (72) 72 Prototype IDs (0) 0 Alien Tech Used (0) 0 Bonus (0) 0 TOTAL SCORE: 497 Bonus ------- None Cogmind --------- Core Integrity 0/250 Matter 300/300 Energy 98/100 System Corruption 0% Temperature Cool (0) Movement Core (50) Location -10/Mines Parts ------- > --- POWER (1) -------- (None) > --- PROPULSION (2) --- (None) > --- UTILITY (2) ------ (None) > --- WEAPON (2) ------- (None) > --- INVENTORY (5) ---- Huge Storage Unit Medium Matter Pod (7) Peak State ------------ > --- POWER ------------ Light Ion Engine > --- PROPULSION ------- Light Treads Light Treads > --- UTILITY ---------- Small Storage Unit Huge Storage Unit > --- WEAPON ----------- EM Pulse Gun EM Pulse Gun > --- INVENTORY -------- Grenade Launcher [Rating: 7] Favorites ----------- Power Light Ion Engine Engine Light Ion Engine Propulsion Light Treads Treads Light Treads Utility Small Storage Unit Device Heat Sink Storage Small Storage Unit Weapon EM Pulse Gun Energy Gun EM Pulse Gun Launcher Grenade Launcher Build | -11 -10 -10 ------- Run | Yrd Mat Min Slots Evolved . | . . . Power . | . . . Propulsion . | . . . Utility . | . . . Weapon . | . . . Parts Attached 9 | 6 2 1 Power 1 | 1 . . Engine 1 | 1 . . Core . | . . . Reactor . | . . . Propulsion 2 | 2 . . Treads 2 | 2 . . Leg . | . . . Wheel . | . . . Hover . | . . . Flight . | . . . Utility 3 | 1 2 . Device 1 | . 1 . Storage 2 | 1 1 . Processor . | . . . Hackware . | . . . Protection . | . . . Artifact . | . . . Weapon 3 | 2 . 1 Energy Gun 2 | 2 . . Energy Cannon . | . . . Ballistic Gun . | . . . Ballistic Cannon . | . . . Launcher 1 | . . 1 Special Weapon . | . . . Impact Weapon . | . . . Slashing Weapon . | . . . Piercing Weapon . | . . . Special Melee Weapon . | . . . Unidentified Prototypes . | . . . Parts Lost 6 | . . 6 Power 1 | . . 1 Propulsion 2 | . . 2 Utility . | . . . Weapon 3 | . . 3 Highest Loss Streak 6 | . . 6 To Critical Strikes . | . . . Average Backups 1 | . 1 2 Power . | . . . Propulsion . | . . . Utility . | . . 2 Weapon . | . . . Tool/Special . | . . . Unused Backups . | . . . Power . | . . . Propulsion . | . . . Utility . | . . . Weapon . | . . . Tool/Special . | . . . Average Slot Usage (%) 81 | . 91 58 Engine 12 | . 14 7 Treads 25 | . 28 17 Device 6 | . 5 8 Storage 12 | . 14 8 Energy Gun 24 | . 28 14 Peak Build Rating 7 | 6 7 7 Average Rating 5 | 4 6 3 On Entrance 4 | . 6 7 Avg Prop Armor Cover (%) . | . . . Naked Turns 27 | . . 27 Heaviest Build 13 | 12 13 13 Greatest Support 40 | 40 40 40 Greatest Overweight (x) 1 | . . 1 Average Overweight (x) . | . . . Largest Inventory Capacity 25 | 8 25 8 Average Capacity 7 | 6 8 6 Most Carried 3 | . 3 3 Average Carried 1 | . 1 2 Final Capacity 8 | 8 8 5 Final Carried 3 | . 3 2 Class Distribution -------------------- 100% | Mutant Dominant Class ---------------- Mutant | -10/Materials Mutant | -10/Mines Resources | -11 -10 -10 ----------- Run | Yrd Mat Min Matter Collected 327 | 133 157 37 Remotely . | . . . Salvage Created 250 | . 199 51 Parts 10 | . 10 . Haulers Intercepted 1 | . 1 . Recyclers Shooed . | . . . Parts Field Recycled . | . . . Retrieved Matter . | . . . Parts Self-Destructed . | . . . Prevented . | . . . Parts Restored . | . . . Kills | -11 -10 -10 ------- Run | Yrd Mat Min Combat Hostiles Destroyed 15 | . 3 12 Guns 3 | . 2 1 AOE 12 | . 1 11 Classes Destroyed 5 | . 4 1 Hauler 1 | . 1 . Recycler 1 | . 1 . Swarmer 2 | . 2 . Grunt 1 | . 1 . Assembled 12 | . . 12 Best Kill Streak 12 | . 5 12 Combat Bots Only 12 | . 3 12 Max Kills in Single Turn 4 | . 1 4 Gunslinging . | . . . Exploded 4 | . 1 4 Melee . | . . . Uniques/NPCs Destroyed . | . . . Combat | -11 -10 -10 -------- Run | Yrd Mat Min Hostile Shots Fired 56 | . 7 49 Missed 11 | . 3 8 Hits 45 | . 4 41 Melee 8 | . . 8 Projectile 37 | . 4 33 Critical Strikes 1 | . . 1 Damage Taken 850 | . 93 757 Core 251 | . . 251 Absorbed by Shields . | . . . Core Remaining (%) 100 | 100 . . Volleys Fired 15 | . 9 6 Largest 2 | . 2 2 Hottest 80 | . 80 70 Shots Fired 26 | . 18 8 Gun 22 | . 18 4 Cannon . | . . . Launcher 4 | . . 4 Special . | . . . Kinetic . | . . . Thermal . | . . . Explosive 4 | . . 4 Electromagnetic 22 | . 18 4 Robot Hit Streak 9 | . 8 9 Robot Miss Streak 2 | . 2 2 Penetration Max . | . . . Secondary Targets . | . . . Shots Hit Robots 14 | . 11 3 Core Hits 38 | . 6 32 Critical Kills . | . . . Critical Parts Destroyed . | . . . Critical Strikes . | . . . Melee Attacks . | . . . Impact . | . . . Slashing . | . . . Piercing . | . . . Sneak Attacks . | . . . Combat Hostiles . | . . . Follow-up Attacks . | . . . Damage Inflicted 1105 | . 211 894 Guns 168 | . 133 35 Cannons . | . . . Explosions 937 | . 78 859 Melee . | . . . Ramming . | . . . Kinetic . | . . . Thermal 78 | . 78 . Explosive 859 | . . 859 Electromagnetic 168 | . 133 35 Impact . | . . . Slashing . | . . . Piercing . | . . . Highest Corruption . | . . . Average Corruption . | . . . Corruption Purged . | . . . Corruption Blocked . | . . . Overload Shots . | . . . Overflow Damage 11 | . . 11 Projectiles . | . . . Explosions 11 | . . 11 Melee . | . . . Knockbacks . | . . . Impact . | . . . Kinetic . | . . . Secondary . | . . . Self-Inflicted Damage 141 | . 60 81 Shots 6 | . 2 4 Rammed . | . . . Targets Rammed . | . . . Kicked . | . . . Crushed . | . . . Highest Temperature 102 | . 102 . Average Temperature 46 | . 46 . Received Heat Transfer 40 | . . 40 Siege Activations . | . . . Martial Activations . | . . . Shielding Activations . | . . . Robots Disrupted . | . . . Combat Hostiles . | . . . Robots Corrupted . | . . . Combat Hostiles . | . . . Parts Fried . | . . . Impact Corruptions . | . . . Robots Melted . | . . . Combat Hostiles . | . . . Parts Melted . | . . . Heat Transferred . | . . . Parts Sabotaged . | . . . Parts Stolen . | . . . Parts Stripped . | . . . Power Chain Reactions 2 | . 2 . Alert | -11 -10 -10 ------- Run | Yrd Mat Min Maximum Alert Level . | . . . Low Security (%) 100 | 100 100 100 Level 1 . | . . . Level 2 . | . . . Level 3 . | . . . Level 4 . | . . . Level 5 . | . . . High Security . | . . . Max Security . | . . . Peak Influence 89 | . 89 28 Initial 25 | . . 25 Average 28 | . 43 10 Influence Increases 149 | . 131 18 Destroy 0b10 Robot/C 60 | . 60 . Destroy 0b10 Robot/NC 10 | . 10 . Destroy Leader 22 | . 22 . Trap Triggered on 0b10 10 | . 10 . Successful Hack 5 | . 5 . Disable Machine 15 | . 15 . Destroy Structure 27 | . 9 18 Influence Decreases 149 | . 65 84 Entered New Map 41 | . . 41 Time Decay 75 | . 65 10 Lost Part 33 | . . 33 Squads Dispatched 2 | . 2 . Investigation 1 | . 1 . Extermination . | . . . Reinforcement 1 | . 1 . Assault . | . . . Garrison . | . . . Intercept . | . . . Searches Triggered . | . . . Construction Impeded . | . . . Haulers Reinforced . | . . . Active Scanning Responses . | . . . Cargo Convoy Interrupts . | . . . Stealth | -11 -10 -10 --------- Run | Yrd Mat Min Distress Signals 1 | . 1 . Communications Jammed . | . . . Distress Signals . | . . . Times Spotted 25 | . 5 20 Peak Tracking Total 20 | . 3 20 Tactical Retreats 1 | . . 1 Traps | -11 -10 -10 ------- Run | Yrd Mat Min Traps Triggered . | . . . Indirectly . | . . . Trap Hack Attempts . | . . . Triggered . | . . . Disarmed . | . . . Reprogrammed 5 | . 5 . Reused 1 | . 1 . Traps Extracted . | . . . Installed . | . . . Triggered 1 | . 1 . Machines | -11 -10 -10 ---------- Run | Yrd Mat Min Machines Disabled 1 | . 1 . Max in Single Turn 1 | . 1 . Machines Repaired . | . . . Machines Dismantled . | . . . Machines Sabotaged . | . . . Overloaded Fab Kills . | . . . Hacking | -11 -10 -10 --------- Run | Yrd Mat Min Machines Accessed 1 | . 1 . Terminals 1 | . 1 . Fabricators . | . . . Repair Stations . | . . . Recycling Units . | . . . Scanalyzers . | . . . Garrison Access . | . . . Total Hacks 6 | . 6 . Successful 4 | . 4 . Failed 2 | . 2 . Catastrophic . | . . . Database Lockouts . | . . . Manual . | . . . Terminals 6 | . 6 . Fabricators . | . . . Repair Stations . | . . . Recycling Units . | . . . Scanalyzers . | . . . Garrison Access . | . . . Terminal Hacks 4 | . 4 . Locate Traps 1 | . 1 . Reprogram Traps 1 | . 1 . Dispatch Records 1 | . 1 . Hauler Manifests 1 | . 1 . Fabricator Hacks . | . . . Repair Station Hacks . | . . . Recycling Unit Hacks . | . . . Scanalyzer . | . . . Garrison Access Hacks . | . . . Unauthorized Hacks . | . . . Terminals . | . . . Fabricators . | . . . Repair Stations . | . . . Recycling Units . | . . . Scanalyzers . | . . . Garrison Access . | . . . Data Cores Recovered . | . . . Used . | . . . Hacking Detections 1 | . 1 . Full Trace Events . | . . . Feedback Events . | . . . Feedback Blocked . | . . . Robot Schematics Acquired . | . . . Robots Built . | . . . Authchips . | . . . Time . | . . . Total Robot Build Rating . | . . . Part Schematics Acquired . | . . . Parts Built . | . . . Authchips . | . . . Time . | . . . Total Part Build Rating . | . . . Part Studies Acquired . | . . . Parts Repaired . | . . . Time . | . . . Parts Recycled . | . . . Recycled Matter . | . . . Retrieved Matter . | . . . Retrieved Components . | . . . Parts Scanalyzed . | . . . Part Schematics Acquired . | . . . Parts Damaged . | . . . Bothacking | -11 -10 -10 ------------ Run | Yrd Mat Min Used RIF Installer . | . . . Robots Hacked . | . . . Non-combat . | . . . Combat . | . . . Robot Hacks Applied . | . . . Relay Couplers Released . | . . . Fabnet Peak Effective % . | . . . Robots Rewired . | . . . Allies Hacked . | . . . Hacks Repelled . | . . . Allies | -11 -10 -10 -------- Run | Yrd Mat Min Total Allies . | . . . Largest Group . | . . . Highest-Rated Group . | . . . Highest-Rated Ally . | . . . Total Orders . | . . . Ally Attacks . | . . . Total Damage . | . . . Kills . | . . . Allies Corrupted . | . . . Allies Melted . | . . . Intel | -11 -10 -10 ------- Run | Yrd Mat Min Active Infowar (turns) . | . . . Robot Analysis Total . | . . . Derelict Logs Recovered 1 | . . 1 Drone Launches . | . . . Drone Recoveries . | . . . Exploration | -11 -10 -10 ------------- Run | Yrd Mat Min Turns Passed 322 | 60 195 67 Spaces Moved 209 | 38 100 71 Core 67 | 8 . 59 Treads 142 | 30 100 12 Legs . | . . . Wheels . | . . . Hover . | . . . Flight . | . . . Fastest Speed 50 | 50 160 50 Average Speed 125 | 136 160 71 Slowest Speed 160 | 160 160 160 Overloaded Moves . | . . . Propulsion Burnouts . | . . . Robots Hopped . | . . . Potential Cave-ins . | . . . Cave-ins Triggered . | . . . Exploration Rate (%) 14 | 4 23 15 Regions Visited 2 Branch Regions 1 Pre-discovered Areas . | . . . Known Exits Taken . | . . . Unknown Exits Taken 2 | 1 1 . Scrap Searched . | . . . Spaces Dug . | . . . Terrain Destroyed 39 | . 7 32 Melee . | . . . Projectile . | . . . AOE 39 | . 7 32 Terrain Rammed . | . . . Walls Destroyed . | . . . Machines Disabled . | . . . Actions | -11 -10 -10 --------- Run | Yrd Mat Min Total 239 | 43 117 79 Wait 2 | . 2 . Move 207 | 37 99 71 Hop . | . . . Pick Up 2 | . 2 . Fast Attach 8 | 6 2 . Attach 2 | . 1 1 Detach 2 | . 2 . Swap 1 | . . 1 Drop . | . . . Fire 15 | . 9 6 Melee . | . . . Ram . | . . . Kick . | . . . Crush . | . . . Escape Stasis . | . . . Rewire . | . . . Trap . | . . . Miscellaneous . | . . . Route ------- -11/Scrapyard -10/Materials -10/Mines History --------- Turn | Location | Event 3 | -11/Scrapyard | Discovered new exit (range 15) 61 | -11/Scrapyard | Entered Materials 207 | -10/Materials | Discovered new exit (range 15) 256 | -10/Materials | Entered Mines 257 | -10/Mines | Assembled infested the area 263 | -10/Mines | Learned Materials stockpile data 296 | -10/Mines | Released all parts (2) 297 | -10/Mines | Core integrity fell below 50% 303 | -10/Mines | Core integrity fell below 20% 306 | -10/Mines | Destroyed 12 combat bots 308 | -10/Mines | Build established: Mutant 323 | -10/Mines | Lost 6 parts (1p2n3w) 323 | -10/Mines | Destroyed by as-99415 with Assembled Heavy Rifle Last Messages --------------- 00283_ as-27742 destroyed. 00283_ as-57074 destroyed. 00283_ Lgt. Ion Engine destroyed. 00283_ Destroyed Lgt. Ion Engine. 00283_ as-79797 destroyed. 00285_ as-77117 destroyed. 00285_ as-76206 destroyed. 00285_ as-09315 destroyed. 00286_ Grenade Launcher destroyed. 00290_ Lgt. Treads destroyed. 00292_ EM Pulse Gun destroyed. 00292_ Lgt. Treads destroyed. 00296_ Released Sml. Storage Unit. 00296_ Released Heat Sink. 00296_ Acquired 11 matter. 00302_ The unstable cave ceiling collapses. 00310_ Acquired 26 matter. 00314_ K-01 Serf cleans the Plasma Injector. 00321_ K-01 Serf collects debris. Map ----- +----------------------------------------------------+ | | | | | | | | | | | | | | | | | ???????????????????????????????????#####?????????? | | ?????????????????????????????????### # ###???????? | | ?????????????????????###????????## # # ##??????? | | ???????????????????### ##??????# # ##?##### | | ??????????????????## #??????# ### # | | ??????????????????# """ #??????# ! " | | ??????????????????# """ ##?????# ! | | ??????????????????# """ ###???# % # | | ??????????????????# ##??# #### # | | ??????????????????## #### =######## # | | ???????????????????## * = ### ## | | ????????????????????#### ### ###### #?# ###? | | ???????????????????????## ## # #?# #??? | | ????????????????????????### ### """ # ### #??? | | ??????????????????????????# #?# """ # #??? | | ??????????????????????????# ### """ #######??? | | ???????????????????# ###### a #????????? | | ???????????????????# @ ### #????????? | | ???????????????????##########?# #????????? | | ??????????????????????????????###########????????? | | ?????????????????????????????????????????????????? | | ?????????????????????????????????????????????????? | | ?????????????????????????????????????????????????? | | ?????????????????????????????????????????????????? | | ?????????????????????????????????????????????????? | | ?????????????????????????????????????????????????? | | ?????????????????????????????????????????????????? | | ?????????????????????????????????????????????????? | | ?????????????????????????????????????????????????? | | ?????????????????????????????????????????????????? | | ?????????????????????????????????????????????????? | | ?????????????????????????????????????????????????? | | ?????????????????????????????????????????????????? | | ?????????????????????????????????????????????????? | | ?????????????????????????????????????????????????? | | ?????????????????????????????????????????????????? | | ?????????????????????????????????????????????????? | | ?????????????????????????????????????????????????? | | ?????????????????????????????????????????????????? | | ?????????????????????????????????????????????????? | | ?????????????????????????????????????????????????? | | ?????????????????????????????????????????????????? | +----------------------------------------------------+ Best States ------------- Heat Dissipation 35 Energy Generation 10 Energy Capacity 125 Matter Stores 300 Matter Capacity 300 Sight Range 16 Terrain Scan Density 10 Evasion (%) 50 Recoil Reduction 2 Item Schematics ----------------- None Robot Schematics ------------------ None Fabricated ------------ Nothing Repaired ---------- Nothing Studied --------- None Alien Tech Used ----------------- None Achievements -------------- None Challenges ------------ None Game ------ Seed DisassembledActiveCycler Manual? 0 Play Time 00:04:26 Cumulative 43.6 hours Start 2025.12.21 @ 17:15:42 End 2025.12.21 @ 17:19:12 Sessions 1 Manual Loads 0 Difficulty Rogue Special Mode None Game No. 37 Rogue 35 Adventurer 2 Explorer 0 Win Type - Total 1 Types 0/0/0/1/0/0/0/0/0/0 Lore% 31 Gallery% 50 Achievement% 42 Wizard Run 0 Options --------- Layout 2 ASCII 0 Keyboard 1 Movement Numpad Keybinds 0 Fullscreen 1 Font 32/SmallcapsGlow Map View 50x49 Zoom Use 0% Tactical HUD 1 Map Filters NONE Filters NONE Steam 0 RUN: af9ea28e-4021-4fe8-86ab-6d01408e7d51